 Dungeon Crawl Stone Soup version 0.19-a0-1041-g82b1012 (webtiles) character file.

153696 tsouns the Fencer (level 18, -4/146 HPs)
             Began as a Formicid Monk on July 30, 2016.
             Was a High Priest of Qazlal.
             Splashed by a deep elf sorcerer's acid (10 damage)
             ... on level 3 of the Elven Halls.
             The game lasted 01:57:06 (26201 turns).

tsouns the Fencer (Formicid Monk)                  Turns: 26201, Time: 01:57:08

Health: -4/146     AC: 20    Str: 21    XL:     18   Next: 23%
Magic:  16/29      EV:  9    Int: 11    God:    Qazlal [*****.]
Gold:   162        SH: 26    Dex: 17    Spells: 2 memorised, 12 levels left

rFire  + . .     SeeInvis +     H - +2 great sword (flame)
rCold  + . .     Gourm    .     W - +4 plate armour {rF+}
rNeg   + . .     Faith    +     S - +0 large shield
rPois  +         Spirit   .     (helmet unavailable)
rElec  .         Dismiss  .     e - +1 cloak
rCorr  .         Reflect  .     (no gloves)
SustAt .         Harm     .     l - +1 pair of boots of the Slug {-Cast rN+ Regen+}
MR     +....     NoCast   +     o - amulet of faith
Stlth  ..........               y - +5 ring of protection
                                Y - ring "Ziolies" {rPois rC+ Str+4}

@: lethally poisoned (-4 -> -4), corroded, repel missiles, drained, somewhat
resistant to hostile enchantments, extremely unstealthy
A: permanent stasis, dig shafts and tunnels, four strong arms, antennae 3, weak
1
a: Dig, Shaft Self, Upheaval, Elemental Force, Disaster Area, Renounce Religion


You were on level 3 of the Elven Halls.
You worshipped Qazlal.
Qazlal was extremely pleased with you.
You were not hungry.

You visited 6 branches of the dungeon, and saw 28 of its levels.
You also visited: Ossuary.

You collected 3266 gold pieces.
You spent 3104 gold pieces at shops.

Inventory:

Hand Weapons
 a - a +2 double sword of holy wrath
 r - a +0 blowgun
 H - a +2 great sword of flaming (weapon)
Missiles
 s - 42 poisoned needles
 u - 15 tomahawks (quivered)
 J - 7 steel javelins
 V - 6 javelins
Armour
 e - a +1 cloak (worn)
 l - the +1 pair of boots of the Slug (worn) {-Cast rN+ Regen+}
   (You found it on level 4 of the Dungeon)

   It protects you from negative energy.
   It prevents spellcasting.
   It increases your rate of regeneration.
 S - a +0 large shield (worn)
 W - a +4 plate armour of fire resistance (worn)
Jewellery
 f - an uncursed ring of protection from fire
 o - an amulet of faith (around neck)
 y - a +5 ring of protection (right hand)
 Y - the ring "Ziolies" (left hand) {rPois rC+ Str+4}
   (You took it off a deep elf knight on level 1 of the Elven Halls)

   [ring of strength]

   It affects your strength (+4).
   It protects you from cold.
   It protects you from poison.
Wands
 i - a wand of acid (8/15)
 n - a wand of paralysis (15/24)
 z - a wand of teleportation (6/9)
 C - a wand of polymorph (13/24)
 G - a wand of iceblast (8/15)
 P - a wand of enslavement (14/24)
 R - a wand of slowing (30/48)
 T - a wand of polymorph (10/24)
Scrolls
 g - 3 scrolls of fog
 h - 6 scrolls of enchant armour
 q - a scroll of magic mapping
 t - 3 scrolls of recharging
 x - 8 scrolls of remove curse
 A - a scroll of summoning
 K - 2 scrolls of enchant weapon
 O - 5 scrolls of amnesia
Potions
 b - 11 potions of curing
 d - 4 potions of magic
 j - 2 potions of ambrosia
 p - a potion of flight
 w - 4 potions of brilliance
 B - 3 potions of agility
 E - 4 potions of cancellation
 F - 3 potions of resistance
 M - a potion of cure mutation
Miscellaneous
 D - a lamp of fire
 Q - a disc of storms
 U - a sack of spiders
 X - a fan of gales (inert)
Comestibles
 c - 11 bread rations
 k - 8 meat rations
 m - a slice of pizza
 L - 6 royal jellies
 N - a beef jerky


   Skills:
 + Level 14.0(12.7) Fighting
 - Level 17.2(15.7) Long Blades
 - Level 11.4(10.2) Armour
 - Level 7.3(6.2) Dodging
 - Level 5.0(3.9) Stealth
 + Level 14.0(12.6) Shields
 + Level 15.3(13.9) Invocations
 + Level 4.9(3.8) Evocations


You had 12 spell levels left.
You knew the following spells:

 Your Spells              Type           Power        Failure   Level  Hunger
a - Regeneration          Chrm/Necr      #.........   100%        3    ####...
b - Shroud of Golubria    Chrm/Tloc      #.........   100%        2    ###....


Dungeon Overview and Level Annotations

Branches:
Dungeon (15/15)            Temple (0/1) D:5            Lair (6/6) D:11
  Swamp (1/4) Lair:2       Spider (1/4) Lair:4        Slime (0/5) Lair:5
    Orc (2/2) D:9             Elf (3/3) Orc:2        Vaults (0/5) D:14
 Depths (0/5) D:15

Altars:
Cheibriados
Okawaru
Qazlal
Ru
Sif Muna
Vehumet
Xom
Yredelemnul
Zin
Beogh

Shops:
D:7 }   D:9 %   Orc:2 =*[(   Elf:1 }=}   Elf:3 =:

Annotations:
D:6 Blork the orc
Lair:2 exclusion: oklob plant
Elf:2 3 runed doors


Innate Abilities, Weirdness & Mutations

You are under a permanent stasis effect.
You can dig through walls and to a lower floor.
Your four strong arms can wield two-handed weapons with a shield.
You have a pair of large antennae on your head. (SInv)
You are weak. (Str -2)


Message History

The arrow closely misses you.
The deep elf death mage beckons forth a restless soul!
The deep elf sorcerer points at you and mumbles some strange words.
The bolt of acid hits you! The acid corrodes you!
The acid burns!
* * * LOW HITPOINT WARNING * * *
A deep elf sorcerer comes into view. It is wielding a long sword.
You feel sick.
The deep elf sorcerer shouts!
The deep elf sorcerer casts a spell.
The deep elf sorcerer seems to speed up.
The deep elf master archer shoots an arrow.
The arrow hits you but does no damage.
You see here an arrow.
The deep elf sorcerer wildly gestures.
The deep elf sorcerer shimmers violently.
The deep elf sorcerer gestures at you while chanting.
The bolt of acid hits you!
* * * LOW HITPOINT WARNING * * *
The acid corrodes you!
The acid burns!
You die...

,,,,,,,,,* #...#..#≈≈..(.# #...#
,,,,,,,,,* #...#..#≈≈....# ##...#
,,,,,,,,,* #...#..#≈≈..))###.....
,,,,,,,,** #...#..#≈≈..(.##......
,,**,,,{* #...#..#≈≈()).#.......
,***,,,** #...#..#≈≈..))#.......
****,,,* #...#§.#≈≈....'.....♣.
**,,,,** #...'§(#≈≈....#.......
,,,,,** ##+##@.#≈≈..).#.......
,,,,** #...#§.#≈≈....##......
{,*** #..§'..#≈≈....##+..... ***
#..e#.*#≈≈....#.##....
############xe.#e.#≈≈.....#####'#
.e#.........x.##e'#≈≈≈....## #.#
{e{)....[....##ee.##≈≈...#.####'#
{§#{(.{.....##{e...##≈≈..##.##...
#####'#######.......#≈≈..###'....


You could see a deep elf master archer, a deep elf annihilator, 3 deep elf death
magi, 2 deep elf sorcerers, a lost soul and a crawling corpse.

Vanquished Creatures
  Asterion (Elf:1)
  A sphinx (D:10)
  A fire giant (D:10)
  2 orc warlords
  A deep elf elementalist (Elf:2)
  A war gargoyle (D:10)
  A deep elf demonologist (Elf:3)
  The ghost of hairmachine the Basher, a journeyman MiCK of Xom (Lair:1)
  2 deep elf annihilators
  3 ettins
  A fire dragon (Lair:6)
  Josephine (D:12)
  7 hydras
  6 centaur warriors
  7 vault guards (D:14)
  4 tengu warriors
  2 death yaks (Lair:2)
  Urug (Orc:1)
  11 dancing weapons
  4 orc high priests
  11 deep elf knights
  2 skeletal warriors (D:12)
  A fire crab (Lair:5)
  A giant orange brain (D:10)
  2 unseen horrors (D:15)
  2 shambling mangroves
  14 deep elf archers
  6 hill giants
  6 orc knights
  15 elephants
  47 deep elf magi
  5 ugly things
  9 orc sorcerers
  A manticore (D:14)
  A hornet (Swamp:1)
  3 gargoyles
  A torpor snail (Lair:2)
  4 black mambas
  Psyche (D:9)
  2 rime drakes
  9 spiny frogs
  11 komodo dragons
  2 efreet
  5 trolls
  A komodo dragon (shapeshifter) (D:15)
  The ghost of Aquadorian the Stinger, a novice GrVM (D:5)
  A jumping spider (shapeshifter) (Elf:2)
  A harpy skeleton (D:14)
  A giant leech (Swamp:1)
  2 two-headed ogres
  16 blink frogs
  8 polar bears (Lair:6)
  4 raiju (Lair:6)
  A boulder beetle (Lair:2)
  A snapping turtle (shapeshifter) (D:15)
  12 slime creatures
  A centaur simulacrum (D:14)
  2 spriggans
  2 shadows
  5 wraiths
  Sigmund (D:3)
  A water elemental (Elf:2)
  A vampire (D:14)
  A wyvern (D:13)
  4 fire elementals
  25 yaks
  A fire bat (shapeshifter) (D:10)
  11 hippogriffs
  7 basilisks
  11 vampire mosquitoes
  A hungry ghost (D:13)
  Grum (D:10)
  4 mottled dragons
  9 wargs
  2 insubstantial wisps
  6 hell hounds (Lair:6)
  A soldier ant (D:13)
  A hornet simulacrum (D:15)
  A swamp worm (Swamp:1)
  5 sky beasts
  21 water moccasins
  33 orc warriors
  9 porcupines
  8 ice beasts
  18 black bears
  3 swamp drakes
  An eye of draining (D:14)
  A necrophage (D:10)
  13 ogres
  2 phantoms (D:10)
  7 wasps
  4 boggarts (D:15)
  8 centaurs
  23 wolves
  11 crocodiles
  A crocodile (shapeshifter) (Elf:2)
  2 big kobolds
  21 giant frogs
  5 earth elementals
  A water moccasin zombie (D:7)
  A water moccasin skeleton (D:7)
  A wyvern skeleton (D:8)
  3 scorpions
  8 wights
  6 howler monkeys
  3 electric eels
  8 crimson imps
  3 giant frog zombies
  2 quasits
  2 jellies
  5 centaur skeletons
  2 centaur zombies
  17 hounds
  25 orc priests
  5 giant frog skeletons
  28 orc wizards
  12 iguanas
  6 worker ants
  6 hell rats (Lair:1)
  Terence (D:3)
  8 big kobold zombies (Ossuary)
  A mummy (Ossuary)
  A worker ant zombie (D:10)
  2 hound skeletons
  3 gnolls (D:11)
  2 howler monkey skeletons
  14 adders
  72 river rats
  5 shadow imps
  An ooze (D:3)
  A worm (shapeshifter) (D:14)
  A worm (D:2)
  A dart slug (D:3)
  5 giant geckos
  100 orcs
  6 spectral bats (Ossuary)
  A ball python (D:2)
  6 giant cockroaches
  3 gnoll zombies (Ossuary)
  7 goblins
  11 hobgoblins
  16 jackals
  5 quokkas
  17 bats
  2 bat simulacra (Ossuary)
  3 giant newts
  2 goblin simulacra (Ossuary)
  3 goblin zombies
  3 hobgoblin zombies (Ossuary)
  A jackal skeleton (D:4)
  21 kobolds
  4 kobold zombies (Ossuary)
  7 orc zombies (Ossuary)
  2 quokka skeletons
  A quokka zombie (D:8)
  27 rats
  6 rat simulacra (Ossuary)
  A spectral goblin (Ossuary)
  3 spectral kobolds (Ossuary)
  4 spectral rats (Ossuary)
  32 fungi
  33 plants
1152 creatures vanquished.

Vanquished Creatures (collateral kills)
  A deep elf annihilator (Elf:3)
  A vault guard (D:14)
  3 skeletal warriors (D:12)
  A giant leech (Swamp:1)
  A slime creature (D:12)
  A hippogriff (shapeshifter) (D:10)
  A swamp drake (Swamp:1)
  3 centaurs (D:14)
  A crimson imp (D:14)
  4 kobolds (D:12)
17 creatures vanquished.

Vanquished Creatures (others)
  A deep elf high priest (Elf:1)
  A mottled dragon (Lair:6)
  A wolf (Lair:2)
  A gnoll zombie (Ossuary)
  A goblin zombie (Ossuary)
  A hobgoblin zombie (Ossuary)
  9 fungi
  22 plants
37 creatures vanquished.

Grand Total: 1206 creatures vanquished

Notes
Turn   | Place    | Note
-------+----------+-------------------------------------------
     0 | D:1      | tsouns the Formicid Monk began the quest for the Orb.
     0 | D:1      | Reached XP level 1. HP: 18/18 MP: 1/1
   216 | D:1      | Reached XP level 2. HP: 24/24 MP: 2/2
   572 | D:1      | Reached XP level 3. HP: 27/29 MP: 3/3
  1415 | D:2      | Found a snail-covered altar of Cheibriados.
  1415 | D:2      | Found a stormy altar of Qazlal.
  1416 | D:2      | Found a radiant altar of Vehumet.
  1690 | D:3      | Reached XP level 4. HP: 37/37 MP: 4/4
  1827 | D:3      | Reached skill level 4 in Long Blades
  1874 | D:3      | Noticed Sigmund
  1882 | D:3      | Killed Sigmund
  1882 | D:3      | Reached XP level 5. HP: 43/43 MP: 5/5
  1882 | D:3      | Reached XP level 6. HP: 49/49 MP: 6/6
  1923 | D:3      | Reached skill level 5 in Long Blades
  2291 | D:3      | Noticed Terence
  2321 | D:3      | Killed Terence
  2663 | D:4      | Gained mutation: You have large cloven feet. [potion of beneficial mutation]
  2744 | D:4      | Noticed an ogre
  2765 | D:4      | Killed an ogre
  2765 | D:4      | Reached skill level 5 in Stealth
  2765 | D:4      | Reached XP level 7. HP: 23/55 MP: 7/7
  3177 | D:2      | Became a worshipper of Qazlal Stormbringer
  3177 | D:2      | Reached * piety under Qazlal
  3177 | D:2      | Reached ** piety under Qazlal
  3516 | D:4      | Reached skill level 1 in Armour
  3516 | D:4      | Reached skill level 1 in Invocations
  3781 | D:4      | Got a pair of bloodstained boots
  3787 | D:4      | Identified the +1 pair of boots of the Slug {-Cast rN+ Regen+} (You found it on level 4 of the Dungeon)
  3839 | D:4      | Reached skill level 6 in Long Blades
  3861 | D:4      | HP: 2/55 [ogre/giant club (15)]
  4229 | D:5      | Entered Level 5 of the Dungeon
  4257 | D:5      | Found a staircase to the Ecumenical Temple.
  4308 | D:5      | Reached skill level 5 in Fighting
  4308 | D:5      | Reached XP level 8. HP: 62/62 MP: 10/10
  4493 | D:5      | Noticed Aquadorian's ghost (novice GrVM)
  4538 | D:5      | Killed Aquadorian's ghost
  4538 | D:5      | Reached skill level 7 in Long Blades
  4791 | D:5      | Found a sacrificial altar of Ru.
  4854 | D:5      | Reached XP level 9. HP: 64/69 MP: 12/12
  4875 | D:5      | Noticed an angel
  4877 | D:5      | Found a glowing silver altar of Zin.
  4878 | D:5      | Found a shimmering altar of Xom.
  5381 | D:6      | Reached *** piety under Qazlal
  5408 | D:6      | Reached skill level 8 in Long Blades
  5462 | D:6      | Reached skill level 5 in Invocations
  5627 | D:6      | Found a deep blue altar of Sif Muna.
  5651 | D:6      | Noticed Blork the orc
  6149 | D:7      | Found a stormy altar of Qazlal.
  6183 | D:7      | Found an iron altar of Okawaru.
  6198 | D:7      | Reached skill level 5 in Armour
  6576 | D:7      | Reached skill level 9 in Long Blades
  6748 | D:7      | Reached **** piety under Qazlal
  6748 | D:7      | Reached XP level 10. HP: 77/77 MP: 14/14
  6764 | D:7      | Got a faintly glowing dagger
  6768 | D:7      | Identified the cursed +3 dagger of the Valley {venom, *Drain rElec rF++ Dex+8} (You found it on level 7 of the Dungeon)
  6786 | D:7      | Found Fiqugila's Gadget Boutique.
  6789 | D:7      | Bought a lamp of fire for 440 gold pieces
  7130 | D:8      | Identified a scroll of acquirement
  7146 | D:8      | Found a sand-covered staircase.
  7158 | Ossuary  | Entered an ossuary
  7426 | Ossuary  | Reached ***** piety under Qazlal
  7934 | D:9      | Found a roughly hewn altar of Beogh.
  7944 | D:9      | Reached skill level 10 in Long Blades
  7962 | D:9      | Found a staircase to the Orcish Mines.
  8007 | D:9      | Found a basalt altar of Yredelemnul.
  8026 | D:9      | Found Siarihoj's Food Shoppe.
  8172 | D:9      | Reached XP level 11. HP: 78/86 MP: 16/16
  8422 | D:9      | Noticed Psyche
  8425 | D:9      | Killed Psyche
  8425 | D:9      | Reached skill level 11 in Long Blades
  8617 | D:10     | Entered Level 10 of the Dungeon
  8620 | D:10     | Noticed a four-headed hydra
  8629 | D:10     | Killed a two-headed hydra
  8828 | D:10     | Noticed Grum
  8846 | D:10     | Killed Grum
  9129 | D:10     | Noticed a hill giant
  9163 | D:10     | Killed a hill giant
  9378 | D:10     | Found a runed door.
  9378 | D:10     | Noticed a fire giant
  9378 | D:10     | Noticed a giant orange brain
  9378 | D:10     | Noticed an anubis guard
  9380 | D:10     | Noticed an ettin
  9380 | D:10     | Noticed a sphinx
  9380 | D:10     | Noticed a war gargoyle
  9380 | D:10     | Noticed an orc sorcerer
  9386 | D:10     | an anubis guard changed into a giant eyeball
  9397 | D:10     | Noticed an anubis guard
  9397 | D:10     | a boulder beetle changed into an anubis guard
  9486 | D:11     | Noticed a purple ugly thing
  9511 | D:11     | Killed a purple ugly thing
  9511 | D:11     | Reached skill level 12 in Long Blades
  9534 | D:11     | Noticed a hill giant
  9537 | D:11     | Killed a hill giant
  9669 | D:11     | Reached XP level 12. HP: 95/95 MP: 19/19
  9717 | D:11     | Reached ****** piety under Qazlal
  9772 | D:11     | You fall through a shaft!
  9778 | D:12     | Noticed a seven-headed hydra
  9782 | D:12     | Killed a four-headed hydra
  9803 | D:12     | Reached skill level 10 in Invocations
  9839 | D:12     | Reached skill level 13 in Long Blades
  9846 | D:12     | Noticed Josephine
  9861 | D:12     | Killed Josephine
  9951 | D:12     | Noticed a skeletal warrior
 10047 | D:12     | Noticed a skeletal warrior
 10050 | D:12     | Noticed a skeletal warrior
 10050 | D:12     | Noticed a skeletal warrior
 10052 | D:12     | Noticed a skeletal warrior
 10070 | D:12     | Killed a skeletal warrior
 10076 | D:12     | Killed a skeletal warrior
 10077 | D:12     | Killed a skeletal warrior
 10086 | D:12     | Killed a skeletal warrior
 10087 | D:12     | Killed a skeletal warrior
 10612 | D:12     | Reached skill level 14 in Long Blades
 11208 | D:11     | Reached skill level 1 in Shields
 11213 | D:11     | Found a staircase to the Lair.
 11419 | Lair:1   | Entered Level 1 of the Lair of Beasts
 11426 | Lair:1   | Reached XP level 13. HP: 101/101 MP: 21/21
 11486 | Lair:1   | Reached skill level 5 in Shields
 11487 | Lair:1   | Noticed hairmachine's ghost (journeyman MiCK)
 11508 | Lair:1   | Killed hairmachine's ghost
 11536 | Lair:1   | Noticed a six-headed hydra
 11550 | Lair:1   | Killed a five-headed hydra
 12862 | Lair:2   | Found a staircase to the Swamp.
 13053 | Lair:2   | Reached skill level 15 in Long Blades
 14210 | Lair:4   | Reached XP level 14. HP: 108/108 MP: 22/22
 14387 | Lair:4   | Reached skill level 16 in Long Blades
 14458 | Lair:4   | Learned a level 3 spell: Regeneration
 14461 | Lair:4   | Learned a level 2 spell: Shroud of Golubria
 14675 | Lair:4   | Found a hole to the Spider Nest.
 15307 | Lair:5   | Found a staircase to the Slime Pits.
 16072 | Lair:6   | Entered Level 6 of the Lair of Beasts
 16822 | Lair:6   | Reached skill level 10 in Fighting
 16908 | Lair:6   | Reached XP level 15. HP: 114/115 MP: 23/23
 16914 | Lair:6   | Reached skill level 5 in Dodging
 17408 | Lair:6   | Reached skill level 10 in Armour
 17767 | Orc:1    | Entered Level 1 of the Orcish Mines
 17767 | Orc:1    | Noticed an orc warlord
 17780 | D:9      | Killed an orc warlord
 17780 | D:9      | Reached skill level 17 in Long Blades
 18094 | Orc:2    | Entered Level 2 of the Orcish Mines
 18268 | Orc:1    | Noticed Urug
 18271 | Orc:1    | Killed Urug
 18639 | Orc:2    | Noticed an orc warlord
 18678 | Orc:2    | Killed an orc warlord
 18887 | Orc:2    | Reached skill level 10 in Shields
 19023 | Orc:2    | Found a staircase to the Elven Halls.
 19088 | Orc:2    | Found Gijih's Antique Armour Emporium.
 19089 | Orc:2    | Found Hysy's Antique Weapon Emporium.
 19090 | Orc:2    | Found Ocyxoliyty's General Store.
 19090 | Orc:2    | Found Xusapeqa's Jewellery Shoppe.
 19094 | Orc:2    | Bought a potion of curing for 54 gold pieces
 19106 | Orc:2    | Bought a twisted plate armour for 840 gold pieces
 19116 | Orc:2    | Identified the +6 plate armour of Ezuniura {SInv} (You bought it in a shop on level 2 of the Orcish Mines)
 19116 | Orc:2    | Bought a glowing plate armour for 690 gold pieces
 19593 | D:10     | Killed a sphinx
 19606 | D:10     | Killed a war gargoyle
 19628 | D:10     | Killed a fire giant
 20110 | D:13     | Reached XP level 16. HP: 125/125 MP: 24/24
 21730 | D:14     | Found a gate to the Vaults.
 22012 | D:15     | Entered Level 15 of the Dungeon
 22581 | D:15     | Found a staircase to the Depths.
 23025 | Swamp:1  | Entered Level 1 of the Swamp
 23124 | Swamp:1  | Noticed a thorn hunter
 23132 | Swamp:1  | Reached XP level 17. HP: 121/135 MP: 26/26
 23212 | Spider:1 | Entered Level 1 of the Spider Nest
 23535 | Elf:1    | Entered Level 1 of the Elven Halls
 24218 | Elf:1    | Noticed Asterion
 24237 | Elf:1    | Gained mutation: You expend magic power (3 MP) to strengthen your wands. [a cacodemon]
 24241 | Elf:1    | Killed Asterion
 24530 | Elf:1    | Found Huesar Fymeu's Jewellery Boutique.
 24531 | Elf:1    | Found Atoef's Gadget Emporium.
 24531 | Elf:1    | Found Jedghaquu's Gadget Emporium.
 24540 | Elf:1    | Bought an uncursed ring of poison resistance for 300 gold pieces
 24546 | Elf:1    | Bought a sack of spiders for 260 gold pieces
 24550 | Elf:1    | Bought a fan of gales for 520 gold pieces
 24636 | Elf:1    | Got a heavily runed marble ring
 24702 | Elf:1    | Identified the ring "Ziolies" {rPois rC+ Str+4} (You took it off a deep elf knight on level 1 of the Elven Halls)
 24829 | Elf:2    | Reached skill level 1 in Evocations
 24928 | Elf:2    | Gained mutation: Scrolls take you a little longer to read. [a neqoxec]
 24933 | Elf:2    | Gained mutation: You are weak. (Str -2) [a neqoxec]
 25247 | Elf:2    | Found a runed gate.
 25247 | Elf:2    | Found a runed gate.
 25247 | Elf:2    | Found a runed gate.
 25445 | Elf:3    | Entered Level 3 of the Elven Halls
 25508 | Elf:3    | Lost mutation: Scrolls take you a little longer to read. [potion of cure mutation]
 25508 | Elf:3    | Lost mutation: You have large cloven feet. [potion of cure mutation]
 25508 | Elf:3    | Lost mutation: You expend magic power (3 MP) to strengthen your wands. [potion of cure mutation]
 25525 | Elf:3    | Reached skill level 15 in Invocations
 25559 | Elf:3    | Reached XP level 18. HP: 108/145 MP: 26/29
 25825 | Elf:3    | Found Cenuff's Book Boutique.
 26026 | Elf:3    | Found Xiess's Jewellery Emporium.
 26164 | Elf:3    | Noticed a deep elf master archer
 26201 | Elf:3    | HP: 6/146 [deep elf sorcerer/bolt of acid (37)]
 26201 | Elf:3    | Splashed by a deep elf sorcerer's acid

Vault maps used:
D:1:      minmay_arrival_cross, corexii_leaking_fountain
D:2:      gammafunk_temple_overflow_claw, first_bread
D:3:      uniq_terence, uniq_sigmund
D:5:      grunt_temple_overflow_order_and_chaos_1,
          nicolae_ru_great_annihilating_truth
D:6:      nicolae_overflow_hidden_temple, corexii_shack, uniq_blork_the_orc
D:7:      okawaru_altar_gauntlet_db, basic_altar, serial_shops,
          kennysheep_mini_moat
D:8:      enter_ossuary_4
D:9:      kennysheep_little_box, david_orc_5, serial_shops, nicolae_shop_stone,
          uniq_psyche
D:10:     minmay_gate_of_8, uniq_grum
D:11:     grunt_lair_entry_orc_guard_hut
D:12:     minivault_27, uniq_josephine
D:14:     nicolae_whirlpool, erik_vaults_2, hangedman_decor_growths,
          wad_floor_pattern_2
D:15:     hangedman_depths_entry_civil_slaughter, small_statue_intersection,
          minmay_misc_feat_alley
Lair:1:   lemuel_ratsnest
Lair:2:   swamp_mist_pool, minmay_lair_oklob_bushes
Lair:3:   minivault_27, serial_bayou_shore_b
Lair:4:   beast_lair_carwin_large_1, spider_nest_entry_web_field
Lair:5:   slime_dummy, minivault_27, serial_bayou_lagoon_a, serial_bayou_lake_a,
          infiniplex_staircase_pool_2
Lair:6:   hangedman_lair_caniforms_friends, guppyfry_lair_end_dragon,
          infiniplex_staircase_pool, grunt_megastairs_4
Swamp:1:  nicolae_swamp_rocky_clearing, swamp_pool1, hangedman_swamp_lotus
Orc:1:    uniq_urug
Orc:2:    st_orc_congregation
Elf:1:    eino_elf_arrival_the_gate, kennysheep_underground_church,
          minmay_shop_grove, uniq_asterion
Elf:3:    minmay_elf_hall_circle, serial_shops, nicolae_shop_waterfront,
          shop_fountains, nicolae_shop_window_shopping, shop,
          serial_co_window_serial, co_window_of_opportunity_a,
          co_window_of_opportunity_a, co_window_corner_a, co_window_paths_a,
          co_window_paths_a, co_window_unsneaky_path_a,
          co_window_of_opportunity_c, co_window_unsneaky_path_b,
          co_window_paths_e, glass_columns_b, glass_columns_a, glass_columns_a,
          uniq_louise
Ossuary:  ossuary_zaba_two_paths

Skill      XL: |  1  2  3  4  5  6  7  8  9 10 11 12 13 14 15 16 17 18 |
---------------+-------------------------------------------------------+-----
Stealth        | 3 4 5 |  5.0
Long Blades    | 4 5 6 7 9 10 12 14 15 16 17 | 17.2
Fighting       | 4 5 6 8 9 10 11 12 13 14 | 14.0
Armour         | 2 3 5 6 7 9 11 | 11.4
Invocations    | 2 4 5 7 9 11 13 15 | 15.3
Shields        | 1 9 10 12 13 14 | 14.0
Dodging        | 4 6 7 |  7.3
Evocations     | 3 4 |  4.9

Action                   |  1- 3 |  4- 6 |  7- 9 | 10-12 | 13-15 | 16-18 || total
-------------------------+-------+-------+-------+-------+-------+-------++-------
Melee: Falchion          |    90 |    94 |   629 |    61 |       |       ||   874
       Kick              |       |    15 |    15 |       |       |       ||    30
       Great sword       |       |       |       |   600 |  1699 |   894 ||  3193
       Dagger            |       |       |       |    21 |       |       ||    21
       Scimitar          |       |       |       |    27 |       |       ||    27
       Double sword      |       |       |       |       |    53 |   384 ||   437
Throw: Tomahawk          |       |       |     4 |     2 |       |       ||     6
Invok: Upheaval          |       |       |     5 |    12 |    15 |    10 ||    42
       Disaster Area     |       |       |       |     2 |       |       ||     2
       Elemental Force   |       |       |       |     1 |     3 |     8 ||    12
 Abil: Dig               |       |       |       |     1 |    16 |     6 ||    23
Evoke: Wand              |       |       |       |     1 |       |       ||     1
       Lamp of fire      |       |       |       |     1 |       |       ||     1
       Fan of gales      |       |       |       |       |       |     1 ||     1
  Use: Scroll            |       |     9 |    11 |    14 |     9 |     6 ||    49
       Potion            |       |     3 |     2 |       |     2 |     4 ||    11
 Stab: Sleeping          |    13 |     8 |       |       |       |       ||    21
       Paralysed         |       |       |     1 |       |       |       ||     1
       Distracted        |       |       |       |       |       |     2 ||     2
       Confused          |       |       |       |       |       |     2 ||     2
  Eat: Chunk             |     2 |     3 |    13 |     5 |     6 |    11 ||    40
       Pizza             |       |     1 |       |     2 |     4 |     1 ||     8
       Beef jerky        |       |       |       |     2 |       |     4 ||     6
       Royal jelly       |       |       |       |     1 |     6 |     2 ||     9
       Bread ration      |       |       |       |     1 |     1 |       ||     2
       Fruit             |       |       |       |       |     4 |     1 ||     5
Armor: Robe              |     5 |     9 |       |       |       |       ||    14
       Plate armour      |       |    11 |   321 |   327 |   350 |   296 ||  1305
Dodge: Dodged            |    40 |    37 |   158 |   158 |   190 |   137 ||   720
       Deflected         |       |       |       |     7 |     4 |    25 ||    36
Block: Other             |       |       |    51 |   189 |       |       ||   240
       Shield            |       |       |       |     8 |   912 |       ||   920
       Large shield      |       |       |       |       |   253 |  1123 ||  1376
